 Dungeon Crawl Stone Soup version 0.22-a0-429-g97ce8ef (webtiles) character file.

198 ketsa the Ruffian (level 5, -1/45 HPs)
             Began as a Ghoul Monk on May 25, 2018.
             Slain by an orc priest
             ... wielding a +0 hand axe
              (8 damage)
             ... on level 4 of the Dungeon.
             The game lasted 00:10:36 (2980 turns).

ketsa the Ruffian (Ghoul Monk)                      Turns: 2980, Time: 00:10:36

Health: -1/45      AC:  3    Str: 16    XL:     5   Next: 76%
Magic:  4/4        EV: 12    Int:  5    God:
Gold:   139        SH:  0    Dex: 11    Spells: 4/4 levels left

rFire    x . .     SeeInvis .     - Unarmed
rCold    + + .     Gourm    .   (no shield)
rNeg     + + +     Faith    .   a - +0 robe
rPois    ∞         Spirit   .   t - +0 helmet
rElec    .         Reflect  .   (no cloak)
rCorr    +         Harm     .   (no gloves)
MR       .....                  (no boots)
Stlth    ++........             (no amulet)
HPRegen  0.00/turn              n - ring of resist corrosion
MPRegen  0.09/turn              p - ring of ice

@: rotting
A: rotting body, claws 1, carnivore, cold resistance 1, negative energy
resistance 3, inhibited regeneration, torment resistance, unbreathing
a: no special abilities


You were on level 4 of the Dungeon.
You were not hungry.

You visited 1 branch of the dungeon, and saw 4 of its levels.

You collected 139 gold pieces.

Inventory:

Missiles
 e - 20 poisoned needles
 g - 201 stones (quivered)
Armour
 a - a +0 robe (worn)
 t - a +0 helmet (worn)
 u - a +0 chain mail
 y - a +0 scale mail of fire resistance
Jewellery
 n - a ring of resist corrosion (left claw)
 p - a ring of ice (right claw)
Scrolls
 f - 3 scrolls of identify
 h - a scroll of teleportation
 i - a scroll of noise {unknown}
 j - a scroll of blinking {unknown}
 m - 2 scrolls of amnesia {unknown}
 v - a scroll of immolation {unknown}
 A - a scroll of enchant armour {unknown}
Potions
 c - a potion of brilliance {unknown}
 d - a potion of mutation {unknown}
 k - a potion of ambrosia {unknown}
 l - 4 potions of might
 o - a potion of cancellation {unknown}
 q - a potion of degeneration {unknown}
 r - a potion of haste {unknown}
 s - a potion of flight {unknown}
 w - a potion of curing {unknown}
 x - a potion of berserk rage {unknown}
Comestibles
 b - 14 rations


   Skills:
 - Level 3.2 Fighting
 + Level 0.1 Throwing
 - Level 2.6 Dodging
 + Level 3.1 Stealth
 * Level 6.5 Unarmed Combat


You had 4 spell levels left.
You didn't know any spells.
Your spell library contained the following spells:

 Spells                   Type           Power        Failure   Level  Hunger
 Apportation              Tloc           #.....       47%         1    ##.....
 Lightning Bolt           Conj/Air       #.........   100%        5    ######.
 Summon Small Mammal      Summ           #...         47%         1    ##.....
 Animate Skeleton         Necr           N/A          47%         1    ##.....
 Shock                    Conj/Air       #...         47%         1    ##.....
 Swiftness                Chrm/Air       #.......     63%         2    ###....
 Airstrike                Air            #.........   99%         4    #####..
 Confusing Touch          Hex            #.....       47%         1    ##.....
 Static Discharge         Conj/Air       #.......     85%         3    ####...


Dungeon Overview and Level Annotations

Branches:
Dungeon (4/15)
 Temple: D:4-7

Altars:


Innate Abilities, Weirdness & Mutations

Your body is rotting away.
You thrive on raw meat.
You are immune to poison.
You have sharp fingernails.
You are carnivorous and can eat meat at any time.
Your flesh is cold resistant. (rC+)
You are immune to negative energy. (rN+++)
You do not regenerate when monsters are visible.
You are immune to unholy pain and torment.
You can survive without breathing.


Message History

You eat the chunk of flesh.
This raw flesh tastes great!
The orc priest calls down the wrath of Beogh upon you.
Beogh smites you!
Eat one of 4 chunks of flesh? (ye/n/q)
You eat one of the 4 chunks of flesh.
This raw flesh tastes great!
The orc priest hits you with a hand axe!
Eat one of 3 chunks of flesh? (ye/n/q)
You eat one of the 3 chunks of flesh.
This raw flesh tastes great!
The orc priest completely misses you.
You scratch the orc priest but do no damage.
The orc priest hits you with a hand axe.
You scratch the orc priest.
The orc priest is lightly wounded.
The orc priest calls down the wrath of Beogh upon you.
Beogh smites you!
* * * LOW HITPOINT WARNING * * *
You scratch the orc priest.
The orc priest is heavily wounded.
The orc priest hits you with a hand axe!
You die...

##############
#.<........@.#
############o#
...(#.# ...#.#
#####(.#.#
...#..#.#
###.#..#.###
#>.........+
#.#....###.#.


You could see an orc priest.

Vanquished Creatures
  Robin (D:2)
  3 gnolls (D:3)
  6 adders
  An ooze (D:3)
  3 worms
  A dart slug (D:1)
  6 orcs
  2 ball pythons
  4 bats
  A giant cockroach (D:3)
  14 goblins
  13 hobgoblins
  2 jackals (D:2)
  2 quokkas
  4 frilled lizards
  8 kobolds
  14 rats
85 creatures vanquished.

Notes
Turn   | Place    | Note
-------+----------+-------------------------------------------
     0 | D:1      | ketsa the Ghoul Monk began the quest for the Orb.
     0 | D:1      | Reached XP level 1. HP: 19/19 MP: 0/0
   383 | D:1      | Reached XP level 2. HP: 14/26 MP: 1/1
   593 | D:1      | Reached skill level 4 in Unarmed Combat
  1195 | D:2      | Reached XP level 3. HP: 31/31 MP: 2/2
  1325 | D:2      | Reached skill level 5 in Unarmed Combat
  1410 | D:2      | Reached XP level 4. HP: 38/38 MP: 3/3
  1704 | D:2      | Noticed Robin
  1730 | D:2      | Killed Robin
  2117 | D:3      | Reached XP level 5. HP: 37/45 MP: 4/4
  2592 | D:3      | Reached skill level 6 in Unarmed Combat
  2980 | D:4      | Slain by an orc priest

Vault maps used:
D:1:      dpeg_arrival_shrine
D:2:      first_ration, uniq_robin
D:3:      lightli_sewer_entry_pipes, due_unseen_surprise
D:4:      serial_bayou_lagoon_a

Skill      XL: |  1  2  3  4  5 |
---------------+----------------+-----
Unarmed Combat | 4 5 6 |  6.5
Stealth        | 3 |  3.1
Fighting       | |  3.2
Throwing       | |  0.1
Dodging        | |  2.6

Action                   |  1- 3 |  4- 6 || total
-------------------------+-------+-------++-------
Melee: Unarmed           |   101 |   148 ||   249
       Punch             |       |     1 ||     1
Throw: Stone             |     5 |     9 ||    14
  Use: Scroll            |       |     2 ||     2
 Stab: Sleeping          |     3 |     3 ||     6
  Eat: Chunk             |    15 |    22 ||    37
Armor: Robe              |     6 |    11 ||    17
Dodge: Dodged            |    63 |    90 ||   153

Table legend:
 A = Spawn XP
 B = Non-spawn XP
 C = Spawn XP percentage of total XP
 D = Spawn monster count
 E = Non-spawn monster count
 F = Spawn count percentage of total count
 G = Total turns spent on level
                    A         B        C        D         E        F      G
               +---------+---------+-------+---------+---------+-------+---------
         Total |       0 |     283 |   0.0 |       0 |      85 |   0.0 |  2980
               +---------+---------+-------+---------+---------+-------+---------
           D:1 |       0 |      33 |   0.0 |       0 |      20 |   0.0 |  1194
           D:2 |       0 |     120 |   0.0 |       0 |      36 |   0.0 |   798
           D:3 |       0 |     121 |   0.0 |       0 |      26 |   0.0 |   944
           D:4 |       0 |       9 |   0.0 |       0 |       3 |   0.0 |    44
               +---------+---------+-------+---------+---------+-------+---------
